[Event "Titled Tuesday Blitz July 20 2021"]
[White "Spata, German"]
[Black "Lazavik, Denis"]
[WhiteFideId "113026"]
[BlackFideId "13515110"]
[WhiteElo "2238"]
[BlackElo "2436"]
[Result "0-1"]
[Round "02"]
[TimeControl "180+1"]
[Date "2021.07.20"]
[WhiteClock "0:00:02"]
[BlackClock "0:00:08"]

1. d4 Nf6 2. Bf4 e6 3. Nf3 d5 4. e3 Bd6 5. Bg3 O-O 6. Bd3 c5 7. c3 b6 8. O-O Bb7 9. Nbd2 Nc6 10. Qe2 Ne7 11. Ba6 Bxa6 12. Qxa6 Nf5 13. Rfe1 Qc8 14. Qxc8 Raxc8 15. Bxd6 Nxd6 16. Ne5 Rb8 17. f3 Rfc8 18. g4 Nfe8 19. Nd3 f6 20. Nf4 Kf7 21. Rad1 Nc7 22. Nb3 Nc4 23. Re2 Nb5 24. Nd3 cxd4 25. Nxd4 Nbd6 26. e4 dxe4 27. fxe4 e5 28. Nf5 Rd8 29. b3 Nb5 30. bxc4 Nxc3 31. Red2 Nxd1 32. Rxd1 Rbc8 33. Kf2 g6 34. Ne3 Rd4 35. g5 Rxe4 36. gxf6 Kxf6 37. Nd5+ Ke6 38. Ne3 Rd4 39. Ke2 Rcd8 40. Nb4 Rxd1 41. Nxd1 Rd4 42. Ne3 Rh4 43. Nf1 Rxc4 44. Nd3 Rc2+ 45. Ke3 Rxa2 46. Ng3 Ra3 47. Kd2 a5 48. Ne4 Kd5 49. Nc3+ Ke6 50. Ne4 Ra1 51. Ng5+ Kf5 52. Nxh7 e4 53. Nb2 Ra2 54. Kc3 e3 55. Nd3 e2 56. Nf8 Ra3+ 57. Kd2 Rxd3+ 58. Kxe2 Rd6 0-1


[Site "https://www.chess.com"]

[Event "Titled Tuesday Blitz July 20 2021"]
[White "Stepak, Yedael"]
[Black "Omk124"]
[WhiteFideId "2800454"]
[WhiteElo "2146"]
[BlackElo "2567"]
[Result "0-1"]
[Round "02"]
[TimeControl "180+1"]
[Date "2021.07.21"]
[WhiteClock "0:00:16"]
[BlackClock "0:01:06"]

1. d4 Nf6 2. c4 g6 3. Nc3 d5 4. Nf3 Bg7 5. Bf4 O-O 6. e3 c5 7. dxc5 Be6 8. Ng5 Nc6 9. Nxe6 fxe6 10. Be2 d4 11. exd4 Nxd4 12. Be5 Nc6 13. Bg3 Qa5 14. Qb3 Nd4 15. Qd1 Rad8 16. Kf1 Qxc5 17. Bd3 Nh5 18. Ne4 Qc6 19. b4 Nf5 20. Qb1 Bxa1 21. Qxa1 Rxd3 22. f3 Nfxg3+ 23. Nxg3 Nxg3+ 24. hxg3 Rfxf3+ 25. Kg1 Rxg3 26. Qf1 Rd2 27. Rh2 Qe4 28. Kh1 Rgd3 29. Rxh7 Rd1 0-1


[Site "https://www.chess.com"]

[Event "Titled Tuesday Blitz July 20 2021"]
[White "Taichman, Ori"]
[Black "Timofeev, Artyom"]
[WhiteFideId "2804069"]
[BlackFideId "4140419"]
[WhiteElo "2227"]
[BlackElo "2582"]
[Result "1/2-1/2"]
[Round "02"]
[TimeControl "180+1"]
[Date "2021.07.20"]
[WhiteClock "0:00:16"]
[BlackClock "0:00:10"]

1. e4 e6 2. d4 d5 3. Nc3 dxe4 4. Nxe4 Nd7 5. Nf3 Ngf6 6. Nxf6+ Nxf6 7. Bd3 c5 8. dxc5 Bxc5 9. Bg5 Qa5+ 10. Bd2 Qb6 11. O-O O-O 12. b4 Be7 13. c4 Rd8 14. c5 Qc7 15. Qe2 b6 16. cxb6 Qxb6 17. a3 Bb7 18. Rad1 h6 19. Ne5 Qc7 20. Rfe1 Bd5 21. Rc1 Qd6 22. Bf4 Qb6 23. Nc4 Bxc4 24. Bxc4 Nd5 25. Bxd5 Rxd5 26. Bc7 Qb7 27. Qf3 Rc8 28. Bf4 Bf6 29. Rxc8+ Qxc8 30. Rc1 Qd8 31. h3 h5 32. Be3 a6 33. Rc5 Rd1+ 34. Kh2 g6 35. Qb7 Qd6+ 36. g3 h4 37. Rc8+ Kg7 38. Rc7 hxg3+ 39. fxg3 Rd2+ 40. Bxd2 Qxd2+ 41. Qg2 Qe3 42. a4 Qb6 43. Rc4 Qd6 44. Re4 Qd3 45. h4 Qb3 46. b5 axb5 47. axb5 Qxb5 48. Qf3 Qd5 49. Kg2 Qd2+ 50. Re2 Qd4 51. h5 gxh5 52. Qxh5 Qd5+ 53. Qf3 Qxf3+ 54. Kxf3 Kg6 55. Re4 Bg5 56. g4 Bf6 57. Kf4 Bg5+ 58. Kf3 Bf6 59. Ra4 Be5 60. Ke4 Bg3 61. Ra5 Bd6 62. Rb5 Bg3 63. Kf3 Bd6 64. Rb3 Be5 65. Rb5 Bd6 66. Rb3 Be5 67. Rb5 Bd6 1/2-1/2


[Site "https://www.chess.com"]

[Event "Titled Tuesday Blitz July 20 2021"]
[White "Tarigan, Gilbert Elroy"]
[Black "Eynullayev, Atilla"]
[WhiteFideId "7108133"]
[BlackFideId "13413570"]
[WhiteElo "2714"]
[BlackElo "2455"]
[Result "1-0"]
[Round "02"]
[TimeControl "180+1"]
[Date "2021.07.21"]
[WhiteClock "0:00:06"]
[BlackClock "0:00:06"]

1. d4 Nf6 2. Nd2 d5 3. Ngf3 Bf5 4. e3 e6 5. Bd3 Bxd3 6. cxd3 Bd6 7. O-O O-O 8. e4 Be7 9. Re1 Nbd7 10. Nb3 a5 11. Bg5 a4 12. Nbd2 c5 13. e5 Ne8 14. h4 h6 15. Bxe7 Qxe7 16. Rc1 cxd4 17. Nf1 Qb4 18. Re2 a3 19. b3 f6 20. Ng3 f5 21. Rec2 Qe7 22. Ne2 g5 23. hxg5 hxg5 24. Qd2 f4 25. Nexd4 g4 26. Nh2 Nxe5 27. Re1 Qf6 28. Nxe6 Qxe6 29. d4 g3 30. Rxe5 gxh2+ 31. Kxh2 Qh6+ 32. Kg1 Nf6 33. Qe2 Rae8 34. Rc7 f3 35. Qxf3 Rxe5 36. dxe5 Qc1+ 37. Kh2 Qh6+ 38. Kg1 Nh7 39. Qxd5+ Kh8 40. e6 Qf6 41. Qd2 Ng5 42. e7 Qa1+ 43. Kh2 Qe5+ 44. f4 Nf3+ 45. gxf3 Qh5+ 46. Kg3 Rg8+ 47. Kf2 Qh2+ 48. Ke3 Qg1+ 49. Ke4 Qg6+ 50. f5 Qf6 51. Qd4 Qxd4+ 52. Kxd4 Kg7 53. e8=Q+ 1-0


[Site "https://www.chess.com"]

[Event "Titled Tuesday Blitz July 20 2021"]
[White "Timmermans, Mark"]
[Black "Urquhart, Ed"]
[WhiteFideId "1026399"]
[BlackFideId "2603748"]
[WhiteElo "2708"]
[BlackElo "2455"]
[Result "1/2-1/2"]
[Round "02"]
[TimeControl "180+1"]
[Date "2021.07.21"]
[WhiteClock "0:00:42"]
[BlackClock "0:01:01"]

1. b4 Nf6 2. Bb2 e6 3. b5 d5 4. a4 Be7 5. e3 O-O 6. c4 c5 7. Nf3 b6 8. Be2 Bb7 9. O-O Nbd7 10. d4 Rc8 11. Nbd2 Re8 12. Rc1 Bf8 13. Ne5 Nxe5 14. dxe5 Ne4 15. Bf3 Nxd2 16. Qxd2 Ba8 17. Rfd1 dxc4 18. Qc2 Qc7 19. Bxa8 Rxa8 20. Qxc4 Rad8 21. Qb3 Rxd1+ 22. Rxd1 Rd8 23. Kf1 Rxd1+ 24. Qxd1 g6 25. f4 Qb7 26. Qd3 h5 27. e4 Qc7 28. Ke2 Be7 29. g3 Qd8 30. Qxd8+ Bxd8 31. h3 Kf8 32. Bc3 Ke8 33. Bd2 Kd7 34. Kd3 Be7 35. a5 Bd8 36. a6 Be7 37. Bc3 Bd8 38. g4 hxg4 39. hxg4 Be7 40. Be1 Ke8 41. Bf2 Kd7 42. Kc4 Kc7 43. Be3 Kd7 44. f5 Kc7 45. f6 Bf8 46. g5 Kd7 47. Bd2 Kc7 48. Bc3 Kd7 49. Kd3 Kc7 50. Ke3 Kd7 51. Kd3 Kc7 52. Kc4 Kd7 53. Bd2 Kc7 54. Bc3 1/2-1/2


[Site "https://www.chess.com"]

[Event "Titled Tuesday Blitz July 20 2021"]
[White "Tologon tegin, Semetei"]
[Black "Indjic, Aleksandar"]
[WhiteFideId "13800574"]
[BlackFideId "911925"]
[WhiteElo "2224"]
[BlackElo "2643"]
[Result "0-1"]
[Round "02"]
[TimeControl "180+1"]
[Date "2021.07.20"]
[WhiteClock "0:00:06"]
[BlackClock "0:01:02"]

1. d4 Nf6 2. c4 c5 3. d5 e6 4. Nc3 exd5 5. cxd5 d6 6. e4 g6 7. f4 Bg7 8. Bb5+ Nfd7 9. Bd3 Qh4+ 10. g3 Qd8 11. Nf3 O-O 12. O-O Nb6 13. f5 N8d7 14. Bc2 Nc4 15. Qe2 Nce5 16. Ng5 Qe7 17. fxg6 hxg6 18. Bd2 a6 19. a4 Rb8 20. Rae1 b5 21. axb5 axb5 22. Ra1 b4 23. Nd1 c4 24. Nf2 Nc5 25. Kg2 Ba6 26. Be3 Bb5 27. Bxc5 dxc5 28. Qe3 c3 29. Rfb1 cxb2 30. Ra5 Nc4 31. Qf4 Bh6 32. Rxb5 Rxb5 33. Nfh3 f6 34. Qh4 Bxg5 35. Nxg5 fxg5 36. Qh6 Ne5 37. d6 Qg7 38. Bb3+ c4 39. Qxg5 cxb3 40. Rxb2 Rc5 41. Rd2 Rc2 42. d7 Rxd2+ 43. Qxd2 Qxd7 44. Qxb4 Rf2+ 45. Kg1 Qd1+ 46. Kxf2 Nd3+ 47. Ke3 Nxb4 0-1


[Site "https://www.chess.com"]

[Event "Titled Tuesday Blitz July 20 2021"]
[White "Toshali, V"]
[Black "Nefedov, Sergey"]
[WhiteFideId "5072611"]
[BlackFideId "24113417"]
[WhiteElo "1754"]
[BlackElo "2385"]
[Result "0-1"]
[Round "02"]
[TimeControl "180+1"]
[Date "2021.07.21"]
[WhiteClock "0:00:01"]
[BlackClock "0:00:07"]

1. d4 Nf6 2. Nf3 e6 3. Bg5 c5 4. e3 Qb6 5. Bxf6 gxf6 6. Nbd2 cxd4 7. exd4 d6 8. Nc4 Qc7 9. c3 b5 10. Ncd2 a6 11. a4 bxa4 12. Qxa4+ Nd7 13. Bb5 Be7 14. Bc6 Rb8 15. Be4 Rxb2 16. Nc4 Rb8 17. O-O d5 18. Bxd5 exd5 19. Ne3 Rb5 20. Rfe1 Nb6 21. Qc2 O-O 22. Nf5 Bd8 23. N3h4 Qf4 24. g3 Qg5 25. Nd6 Nc4 26. Nxb5 axb5 27. Ra7 Bh3 28. f4 Qg4 29. Qe2 Qxe2 30. Rxe2 f5 31. Rb7 Bg4 32. Re1 Nd6 33. Rd7 Bxh4 34. gxh4 Ne4 35. Rxd5 Nxc3 36. Rc5 b4 37. Rc7 Ne2+ 38. Kf2 Nxf4 39. Kg3 Ne2+ 40. Kf2 Nxd4 41. Rc4 Ne6 42. Rxb4 Nc5 43. Kg3 Nd3 44. Rxg4+ fxg4 45. Re3 Nc5 46. Kxg4 Kg7 47. Re5 Ne6 48. h5 Rd8 49. h4 Rd4+ 50. Kg3 Kf6 51. Ra5 Rd3+ 52. Kg4 Rd4+ 0-1


[Site "https://www.chess.com"]

[Event "Titled Tuesday Blitz July 20 2021"]
[White "Triapishko, Alexandr"]
[Black "Klabis, Rokas"]
[WhiteFideId "14122286"]
[BlackFideId "12805246"]
[WhiteElo "2490"]
[BlackElo "2275"]
[Result "1-0"]
[Round "02"]
[TimeControl "180+1"]
[Date "2021.07.20"]
[WhiteClock "0:02:07"]
[BlackClock "0:02:21"]

1. e4 e5 2. Nf3 Nc6 3. Bb5 Nge7 4. Nc3 g6 5. h4 h5 6. d4 exd4 7. Nd5 Bg7 8. Bg5 a6 9. Bxc6 f6 10. Nxf6+ Bxf6 11. Bxf6 Rf8 12. Bxe7 Qxe7 13. Bd5 c6 14. Bb3 Qxe4+ 15. Qe2 d5 16. Qxe4+ dxe4 17. Nxd4 Bg4 18. f3 exf3 19. gxf3 Bxf3 20. Rf1 1-0


[Site "https://www.chess.com"]

[Event "Titled Tuesday Blitz July 20 2021"]
[White "Tsaruk, Maksim"]
[Black "Mujumdar, Sameer"]
[WhiteFideId "13511173"]
[BlackFideId "2029707"]
[WhiteElo "2184"]
[BlackElo "2104"]
[Result "1-0"]
[Round "02"]
[TimeControl "180+1"]
[Date "2021.07.21"]
[WhiteClock "0:00:04"]
[BlackClock "0:00:27"]

1. e4 c6 2. d4 d5 3. Nd2 dxe4 4. Nxe4 Bf5 5. Ng3 Bg6 6. Nf3 Nd7 7. h4 h6 8. h5 Bh7 9. Bd3 Bxd3 10. Qxd3 e6 11. Bd2 Ngf6 12. O-O-O Bd6 13. Kb1 Qc7 14. Ne4 Nxe4 15. Qxe4 Nf6 16. Qe2 b5 17. Ne5 a5 18. Rhe1 a4 19. a3 O-O 20. g4 b4 21. axb4 a3 22. b3 a2+ 23. Ka1 Qb6 24. Nc4 Qc7 25. c3 Bf4 26. Ne5 Bxe5 27. dxe5 Nd5 28. c4 Nb6 29. Bc3 Rfd8 30. f4 c5 31. b5 Ra3 32. Qb2 Rda8 33. Rd6 Qb7 34. Red1 Qc7 35. g5 hxg5 36. fxg5 Qb7 37. g6 Qf3 38. Rd8+ 1-0


[Site "https://www.chess.com"]

[Event "Titled Tuesday Blitz July 20 2021"]
[White "Turgut, Aydin"]
[Black "Gavilan Diaz, Mario"]
[WhiteFideId "2078791"]
[BlackFideId "2260905"]
[WhiteElo "2138"]
[BlackElo "2262"]
[Result "1-0"]
[Round "02"]
[TimeControl "180+1"]
[Date "2021.07.21"]
[WhiteClock "0:01:10"]
[BlackClock "0:00:46"]

1. e4 c5 2. Nf3 Nf6 3. e5 Nd5 4. Nc3 e6 5. Ne4 f5 6. Nc3 Nc6 7. Nxd5 exd5 8. d4 d6 9. Bf4 dxe5 10. Nxe5 Nxe5 11. Bxe5 Be6 12. Qh5+ Kd7 13. Bb5+ Kc8 14. O-O Bd6 15. Rfe1 g6 16. Qf3 Rf8 17. Bg7 Rf7 18. Rxe6 Rxg7 19. Re8 Qxe8 20. Bxe8 1-0


[Site "https://www.chess.com"]

[Event "Titled Tuesday Blitz July 20 2021"]
[White "Vasli, Aref"]
[Black "Bortnyk, Olexandr"]
[WhiteFideId "417521"]
[BlackFideId "14120828"]
[WhiteElo "2257"]
[BlackElo "2723"]
[Result "0-1"]
[Round "02"]
[TimeControl "180+1"]
[Date "2021.07.20"]
[WhiteClock "0:00:06"]
[BlackClock "0:00:07"]

1. e4 Nf6 2. e5 Nd5 3. Nc3 Nb6 4. Nf3 d5 5. d4 Bg4 6. Be3 e6 7. h3 Bxf3 8. Qxf3 c5 9. Nb5 cxd4 10. Nxd4 Nc6 11. Bb5 Qd7 12. O-O Qc7 13. Qg3 a6 14. Nxc6 bxc6 15. Bd3 c5 16. b3 g6 17. f4 Bg7 18. Qf2 d4 19. Bd2 O-O 20. Ba5 Qa7 21. Be4 Rac8 22. Qf3 c4 23. Kh1 Rfd8 24. Rad1 Rc5 25. Bb4 Rcc8 26. Ba5 Qc7 27. Rd2 Qc5 28. b4 Qb5 29. Rfd1 d3 30. cxd3 c3 31. Rc2 f5 32. Bb7 Rc7 33. a4 Qxa4 34. Rdc1 Rdd7 35. Bxa6 Nd5 36. Bxc7 Qxa6 37. Bd6 Qa3 38. d4 Bf8 39. Rxc3 Nxc3 40. Rxc3 Qa1+ 41. Kh2 Bxd6 42. exd6 Rxd6 43. Rc7 Qxd4 44. Qa8+ Rd8 45. Rc8 Qxf4+ 46. g3 Qd2+ 47. Kh1 Rxc8 48. Qxc8+ Kg7 49. Qc7+ Kf6 50. Qc5 Qd5+ 51. Qxd5 exd5 52. Kg2 g5 53. Kf2 Ke5 54. Ke3 Kd6 55. Kd4 f4 56. gxf4 gxf4 57. b5 Kc7 58. Kxd5 f3 59. Kc5 f2 0-1


[Site "https://www.chess.com"]

[Event "Titled Tuesday Blitz July 20 2021"]
[White "Wagner, Dennis"]
[Black "Urjubdshzirov, Erdni"]
[WhiteFideId "24650684"]
[BlackFideId "4186451"]
[WhiteElo "2739"]
[BlackElo "2464"]
[Result "1-0"]
[Round "02"]
[TimeControl "180+1"]
[Date "2021.07.21"]
[WhiteClock "0:00:16"]
[BlackClock "0:00:16"]

1. c4 Nf6 2. Nc3 e6 3. d4 Bb4 4. Qc2 O-O 5. Nf3 b6 6. e4 d5 7. e5 Ne4 8. Bd3 Bb7 9. O-O Bxc3 10. bxc3 Nd7 11. Bxe4 dxe4 12. Ng5 h6 13. Nxe4 Qh4 14. f3 c5 15. Be3 Rac8 16. Nd6 Rc7 17. Nxb7 Rxb7 18. f4 Rc7 19. d5 Rb8 20. a4 Nf8 21. Qf2 Qh5 22. Qc2 Qh4 23. Rad1 Rd7 24. Qe4 Rbd8 25. Rd2 f5 26. Qf3 Qe7 27. Rfd1 Qf7 28. h3 a6 29. Kh2 b5 30. axb5 axb5 31. dxe6 Qxe6 32. cxb5 Rxd2 33. Rxd2 Rxd2 34. Bxd2 Qd7 35. Qe2 Ne6 36. Be3 Qd5 37. b6 Qb3 38. Qa6 Qxc3 39. b7 Qxe3 40. Qxe6+ Kh7 41. Qxf5+ Kg8 42. b8=Q# 1-0


[Site "https://www.chess.com"]

[Event "Titled Tuesday Blitz July 20 2021"]
[White "Wilson, Elvin"]
[Black "Mortazavi, Ali"]
[WhiteFideId "2014874"]
[BlackFideId "401323"]
[WhiteElo "2320"]
[BlackElo "2339"]
[Result "0-1"]
[Round "02"]
[TimeControl "180+1"]
[Date "2021.07.21"]
[WhiteClock "0:00:34"]
[BlackClock "0:00:45"]

1. c4 Nf6 2. g3 g6 3. Bg2 Bg7 4. Nc3 O-O 5. e4 d6 6. Nge2 c5 7. O-O Nc6 8. d3 Ne8 9. Be3 Nd4 10. Rb1 a5 11. f4 Nc7 12. Nc1 b5 13. cxb5 Ncxb5 14. Nxb5 Nxb5 15. Ne2 Rb8 16. d4 cxd4 17. Nxd4 Nxd4 18. Bxd4 Ba6 19. Bxg7 Kxg7 20. Qd4+ e5 21. fxe5 Bxf1 22. exd6+ Qf6 23. e5 Qe6 24. Rxf1 Rb5 25. Rf6 Qxe5 26. Qxe5 Rxe5 27. Rf2 Re1+ 28. Bf1 Rd1 29. b3 Rxd6 30. Bc4 f5 31. a4 Rfd8 32. Rf3 Rd1+ 33. Kg2 R8d2+ 34. Kh3 Rh1 35. Kh4 Kh6 36. g4 g5+ 37. Kg3 f4+ 0-1


[Site "https://www.chess.com"]

[Event "Titled Tuesday Blitz July 20 2021"]
[White "Woodward, Andy"]
[Black "Begunov, Konstantin"]
[WhiteFideId "30953499"]
[BlackFideId "4118510"]
[WhiteElo "2137"]
[BlackElo "2262"]
[Result "1-0"]
[Round "02"]
[TimeControl "180+1"]
[Date "2021.07.21"]
[WhiteClock "0:00:36"]
[BlackClock "0:00:31"]

1. d4 d5 2. c4 c6 3. Nf3 Nf6 4. Nc3 dxc4 5. a4 Bg4 6. Ne5 Bh5 7. Nxc4 e6 8. f3 c5 9. Be3 cxd4 10. Bxd4 Nc6 11. Bf2 Bb4 12. g4 Bg6 13. Bg2 Nd5 14. Qb3 Nf4 15. O-O Bxc3 16. bxc3 Nxe2+ 17. Kh1 Qc7 18. Bc5 O-O-O 19. a5 Nf4 20. a6 Bd3 21. axb7+ Qxb7 22. Nd6+ Rxd6 23. Qxb7+ Kxb7 24. Bxd6 Bxf1 25. Bxf1 Nd5 26. Ba6+ Kb6 27. c4 Ndb4 28. c5# 1-0


[Site "https://www.chess.com"]

[Event "Titled Tuesday Blitz July 20 2021"]
[White "Yuan, Qingyu"]
[Black "Nguyen Hong Nhung"]
[WhiteFideId "8609772"]
[BlackFideId "12412201"]
[WhiteElo "2359"]
[BlackElo "1661"]
[Result "1-0"]
[Round "02"]
[TimeControl "180+1"]
[Date "2021.07.21"]
[WhiteClock "0:00:40"]
[BlackClock "0:01:19"]

1. e4 c5 2. Nf3 e6 3. d4 cxd4 4. Nxd4 Nc6 5. Nc3 Qc7 6. Be3 a6 7. g4 b5 8. Nxc6 Qxc6 9. Qd2 Nf6 10. f3 b4 11. Ne2 d5 12. e5 Nd7 13. Nd4 Qc7 14. f4 Bc5 15. O-O-O Bb7 16. Kb1 Bxd4 17. Qxd4 a5 18. Bd3 Ba6 19. Rc1 O-O 20. h4 Rfb8 21. h5 a4 22. g5 b3 23. cxb3 Bxd3+ 24. Qxd3 Qb7 25. g6 fxg6 26. hxg6 h6 27. Bd4 axb3 28. a3 Qb5 29. Rc8+ Nf8 30. Qxb5 Rxb5 31. Rxa8 Rb7 32. Bc5 1-0


[Site "https://www.chess.com"]

[Event "Titled Tuesday Blitz July 20 2021"]
[White "Zakhartsov, Vladimir"]
[Black "Primbetov, Kazbek"]
[WhiteFideId "4145097"]
[BlackFideId "13702297"]
[WhiteElo "2704"]
[BlackElo "2453"]
[Result "1-0"]
[Round "02"]
[TimeControl "180+1"]
[Date "2021.07.21"]
[WhiteClock "0:01:20"]
[BlackClock "0:00:22"]

1. d4 Nf6 2. c4 g6 3. Nc3 Bg7 4. e4 d6 5. h3 O-O 6. Be3 e5 7. d5 a5 8. g4 Na6 9. Nge2 c6 10. Ng3 cxd5 11. cxd5 Nc5 12. Be2 a4 13. g5 Nfd7 14. Qd2 Qa5 15. Nb5 Qb6 16. Rc1 f5 17. gxf6 Nxf6 18. Nxd6 Nfd7 19. Nb5 Ra5 20. Qb4 1-0


[Site "https://www.chess.com"]

[Event "Titled Tuesday Blitz July 20 2021"]
[White "Zaksaite, Salomeja"]
[Black "Steven_Rojas"]
[WhiteFideId "12801496"]
[WhiteElo "2002"]
[BlackElo "2558"]
[Result "1-0"]
[Round "02"]
[TimeControl "180+1"]
[Date "2021.07.21"]
[WhiteClock "0:00:39"]
[BlackClock "0:02:07"]

1. e4 g6 2. d4 Bg7 3. Bc4 c6 4. Nc3 d6 5. Be3 Nf6 6. Qe2 O-O 7. O-O-O Nxe4 8. Nxe4 d5 9. Bd3 dxe4 10. Bxe4 Nd7 11. h4 Nf6 12. Bd3 Qa5 13. Kb1 Be6 14. b3 Nd5 15. Bd2 Nc3+ 16. Bxc3 Qxc3 17. Nf3 Bg4 18. Qe1 Bxd4 19. Nxd4 Bxd1 20. Qxc3 Bg4 21. f3 Bd7 22. h5 f6 23. hxg6 hxg6 24. Bxg6 Kg7 25. Bf5 Be8 26. Ne6+ Kg8 27. Nxf8 Bf7 28. Ne6 b5 29. Qe3 Bh5 30. Rxh5 Kf7 31. Rh7+ Ke8 32. Nc7+ Kf8 33. Qxe7+ Kg8 34. Be6# 1-0


[Site "https://www.chess.com"]

[Event "Titled Tuesday Blitz July 20 2021"]
[White "Zhigalko, Sergei"]
[Black "Czerw, Dawid"]
[WhiteFideId "13502956"]
[BlackFideId "1145746"]
[WhiteElo "2662"]
[BlackElo "2075"]
[Result "1/2-1/2"]
[Round "02"]
[TimeControl "180+1"]
[Date "2021.07.20"]
[WhiteClock "0:00:03"]
[BlackClock "0:00:07"]

1. e4 c5 2. Nf3 g6 3. c3 Bg7 4. d4 cxd4 5. cxd4 d5 6. e5 Bg4 7. Bb5+ Nd7 8. O-O e6 9. Nbd2 Ne7 10. h3 Bxf3 11. Nxf3 O-O 12. Re1 a6 13. Bd3 Nc6 14. Be3 f6 15. exf6 Qxf6 16. Rc1 Rac8 17. a3 Kh8 18. Qd2 e5 19. dxe5 Ndxe5 20. Nxe5 Nxe5 21. Be2 Nc4 22. Bxc4 dxc4 23. Rc2 b5 24. Bg5 Qb6 25. Bh6 Bxh6 26. Qxh6 Rf7 27. Re3 Rcf8 28. Rce2 Kg8 29. h4 Qc5 30. Re5 Qd4 31. R5e3 Qf4 32. Qxf4 Rxf4 33. g3 R4f6 34. Re7 R8f7 35. Re8+ Kg7 36. Kg2 Rf8 37. R8e7+ R8f7 38. Re8 Rf8 39. R8e5 Rb8 40. Rc5 Rf7 41. Re6 a5 42. Ra6 b4 43. Rxc4 bxa3 44. bxa3 Rb2 45. Rf4 Rxf4 46. gxf4 Rb5 47. Kg3 Kf7 48. f3 h5 49. Ra7+ Kf6 50. Ra6+ Kf5 51. a4 Rc5 52. Ra8 Rd5 53. Rf8+ Ke6 54. Re8+ Kf6 55. Ra8 Kf5 56. Ra6 Rc5 57. Ra7 Rd5 58. Ra8 Rc5 59. Rf8+ Ke6 60. Kf2 Rc2+ 61. Kg3 Ra2 62. Re8+ Kf6 63. Rf8+ Ke6 64. Re8+ Kf6 65. Rf8+ Ke6 1/2-1/2


[Site "https://www.chess.com"]

[Event "Titled Tuesday Blitz July 20 2021"]
[White "Zubov, Alexander"]
[Black "Yaniuk, Volodymyr"]
[WhiteFideId "14109409"]
[BlackFideId "14133083"]
[WhiteElo "2740"]
[BlackElo "2207"]
[Result "1-0"]
[Round "02"]
[TimeControl "180+1"]
[Date "2021.07.20"]
[WhiteClock "0:00:38"]
[BlackClock "0:00:01"]

1. d4 d5 2. c4 e6 3. Nf3 Nf6 4. Nc3 Be7 5. Bg5 h6 6. Bh4 Nbd7 7. e3 O-O 8. Rc1 c5 9. dxc5 dxc4 10. c6 bxc6 11. Bxc4 Nb6 12. Bd3 c5 13. Qe2 Bb7 14. O-O Qc7 15. Bg3 Qd7 16. Rfd1 Nbd5 17. Ne5 Qd8 18. Na4 Qa5 19. b3 Rac8 20. Nc4 Qd8 21. Bb1 Qe8 22. Nd6 Qc6 23. Nxc8 Rxc8 24. e4 Nb6 25. Nxb6 axb6 26. f3 Nh5 27. Be5 f6 28. Bc3 Nf4 29. Qe3 e5 30. Kh1 c4 31. bxc4 Bc5 32. Qe1 Qe6 33. Bc2 Qf7 34. g3 Ne6 35. Kg2 Bd4 36. Bb3 Rc5 37. Bb4 Qg6 38. Bxc5 bxc5 39. a4 f5 40. Bc2 f4 41. g4 h5 42. Qh4 hxg4 43. Qxg4 Qf6 44. Rb1 Bc6 45. Rb8+ Kf7 46. Qh5+ Ke7 47. Rdb1 Kd6 48. R1b6 Kc7 49. a5 g6 50. Qg4 g5 51. a6 Bd7 52. R8b7+ 1-0


[Site "https://www.chess.com"]

[Event "Titled Tuesday Blitz July 20 2021"]
[White "Al-Tarboush, Ward"]
[Black "Pakleza, Zbigniew"]
[WhiteFideId "7601450"]
[BlackFideId "1119290"]
[WhiteElo "2319"]
[BlackElo "2526"]
[Result "0-1"]
[Round "03"]
[TimeControl "180+1"]
[Date "2021.07.21"]
[WhiteClock "0:00:02"]
[BlackClock "0:00:05"]

1. d4 d6 2. e4 Nf6 3. Nf3 Nxe4 4. Bd3 Nf6 5. O-O c6 6. Bg5 Bg4 7. h3 Bh5 8. Bxf6 gxf6 9. Nbd2 e6 10. c3 d5 11. Qb3 Qb6 12. Qc2 Bg6 13. b4 Nd7 14. a4 a6 15. Rfe1 Be7 16. Nf1 a5 17. Rab1 axb4 18. cxb4 Bxb4 19. Ng3 Qa5 20. Re3 Kf8 21. Qb3 c5 22. Bb5 Nb6 23. Ra1 c4 24. Qd1 Kg7 25. Nh4 c3 26. Qg4 Qxb5 27. Nh5+ Kf8 28. Nxf6 Rxa4 29. Rxa4 Qxa4 30. Qf4 Ke7 31. Qc7+ Kxf6 32. Nxg6 Qd1+ 33. Kh2 Kxg6 34. Rg3+ Kf6 35. Rf3+ Qxf3 36. gxf3 Rg8 37. Qf4+ Ke7 38. Qc7+ Nd7 39. f4 Bd6 40. Qxb7 Bxf4+ 41. Kh1 c2 42. Qb4+ Kf6 0-1


[Site "https://www.chess.com"]

[Event "Titled Tuesday Blitz July 20 2021"]
[White "Arabidze, Meri"]
[Black "Zaksaite, Salomeja"]
[WhiteFideId "13604040"]
[BlackFideId "12801496"]
[WhiteElo "2432"]
[BlackElo "2002"]
[Result "1-0"]
[Round "03"]
[TimeControl "180+1"]
[Date "2021.07.21"]
[WhiteClock "0:01:24"]
[BlackClock "0:00:02"]

1. Nf3 Nf6 2. g3 g6 3. Bg2 Bg7 4. O-O d5 5. b3 Ne4 6. c3 O-O 7. Bb2 c6 8. d3 Nd6 9. Nbd2 e5 10. e4 Be6 11. Qc2 h6 12. Rfe1 Nd7 13. exd5 cxd5 14. c4 d4 15. b4 Rc8 16. a4 Re8 17. a5 f5 18. Nb3 e4 19. Nfxd4 exd3 20. Qxd3 Bxc4 21. Qd2 Rxe1+ 22. Rxe1 Ne5 23. Nc5 Rxc5 24. bxc5 Ne4 25. Qc2 Bd5 26. Nf3 Qxa5 27. Rd1 Nxf3+ 28. Bxf3 Bxb2 29. Rxd5 Qe1+ 30. Kg2 Bf6 31. Bxe4 fxe4 32. Rd6 e3 33. Qxg6+ 1-0


[Site "https://www.chess.com"]

[Event "Titled Tuesday Blitz July 20 2021"]
[White "Asadli, Vugar"]
[Black "FGHSMN"]
[WhiteFideId "13405764"]
[WhiteElo "2386"]
[BlackElo "2530"]
[Result "1-0"]
[Round "03"]
[TimeControl "180+1"]
[Date "2021.07.21"]
[WhiteClock "0:00:59"]
[BlackClock "0:00:08"]

1. e4 c5 2. Nc3 e6 3. Nf3 a6 4. g3 b5 5. Bg2 Bb7 6. d4 cxd4 7. Nxd4 Nc6 8. O-O Qc7 9. Nxc6 Bxc6 10. Re1 b4 11. Nd5 Qb7 12. Qd4 f6 13. Bd2 a5 14. c3 bxc3 15. bxc3 Rb8 16. c4 Kf7 17. Bxa5 exd5 18. exd5 Ba4 19. c5 Qb5 20. Bb6 Rxb6 21. cxb6 Be7 22. Rab1 Qa5 23. d6 Bxd6 24. Qxd6 Nh6 25. b7 Kg6 1-0


[Site "https://www.chess.com"]

[Event "Titled Tuesday Blitz July 20 2021"]
[White "Bakalchuk, Johnatan"]
[Black "Zubov, Alexander"]
[WhiteFideId "2810301"]
[BlackFideId "14109409"]
[WhiteElo "2507"]
[BlackElo "2740"]
[Result "0-1"]
[Round "03"]
[TimeControl "180+1"]
[Date "2021.07.20"]
[WhiteClock "0:00:06"]
[BlackClock "0:01:00"]

1. e4 c5 2. Nf3 e6 3. d4 cxd4 4. Nxd4 a6 5. Nc3 b5 6. g3 Bb7 7. Bg2 Nc6 8. O-O Nxd4 9. Qxd4 Ne7 10. Bf4 Nc6 11. Qd2 d6 12. Rad1 Ne5 13. b3 Qc7 14. a4 Rc8 15. Ne2 bxa4 16. bxa4 Be7 17. Nd4 O-O 18. Rb1 Nc4 19. Qb4 Ba8 20. Nb3 e5 21. Bc1 d5 22. Qe1 d4 23. Kh1 Bc6 24. f4 Bxa4 25. fxe5 Bxb3 26. cxb3 Nxe5 27. Qd1 Qb6 28. Bb2 Rfd8 29. Ba1 Bf6 30. h4 a5 31. Bh3 Rb8 32. Kh2 h6 33. Rb2 d3 34. Rbf2 Qxb3 35. Qh5 d2 36. Bxe5 Bxe5 37. Rxf7 Qxg3+ 0-1


[Site "https://www.chess.com"]

[Event "Titled Tuesday Blitz July 20 2021"]
[White "Bartel, Michal"]
[Black "Gadimbayli, Abdulla"]
[WhiteFideId "1119257"]
[BlackFideId "13404938"]
[WhiteElo "2271"]
[BlackElo "2320"]
[Result "1-0"]
[Round "03"]
[TimeControl "180+1"]
[Date "2021.07.20"]
[WhiteClock "0:01:06"]
[BlackClock "0:00:16"]

1. e4 e5 2. Nc3 Nf6 3. g3 d5 4. exd5 Nxd5 5. Bg2 Nxc3 6. bxc3 Nc6 7. Ne2 Bc5 8. Rb1 O-O 9. O-O Bb6 10. d3 Be6 11. c4 Qd7 12. Ba3 Rfe8 13. c5 Ba5 14. Rxb7 Bd5 15. f3 Nd4 16. Rb2 Nxe2+ 17. Qxe2 Bc3 18. Rb3 Bxb3 19. axb3 a5 20. Qe4 a4 21. b4 Rab8 22. f4 Qd4+ 23. Qxd4 exd4 24. Bc6 Re2 25. b5 Rxc2 26. Rf2 Rxf2 27. Kxf2 g6 28. f5 Kg7 29. Kf3 Kf6 30. fxg6 fxg6 31. Ke4 Ke6 32. Bd5+ Ke7 33. b6 cxb6 34. cxb6+ Kd7 35. b7 Kc7 36. Ke5 Re8+ 37. Kf6 Rd8 38. Be4 Kb6 39. Kg7 Rd7+ 40. Kg8 Ka7 41. Bc6 Rc7 42. Bc5+ Kb8 43. Bd6 a3 44. Bxc7+ Kxc7 45. Bd5 h5 46. Kg7 g5 47. Kg6 h4 48. Kxg5 hxg3 49. hxg3 a2 50. Bxa2 Kxb7 51. Kf6 Kc7 52. g4 Be1 53. g5 Bh4 54. Kf5 Kd6 55. g6 1-0


[Site "https://www.chess.com"]